 Dungeon Crawl Stone Soup version 0.21.1-1-g345015f (webtiles) character file.

40 Kagorn the Skirmisher (level 3, 0/30 HPs)
             Began as a Demonspawn Abyssal Knight on June 3, 2018.
             Was a Follower of Lugonu.
             Succumbed to an adder's poison
             ... on level 2 of the Dungeon.
             The game lasted 00:15:55 (2321 turns).

Kagorn the Skirmisher (Demonspawn Abyssal Knight)   Turns: 2321, Time: 00:15:55

Health: 0/30       AC:  7    Str: 13    XL:     3   Next: 30%
Magic:  4/4        EV: 11    Int: 13    God:    Lugonu [*.....]
Gold:   0          SH:  0    Dex: 12    Spells: 2/2 levels left

rFire    . . .     SeeInvis .   a - +1 falchion
rCold    . . .     Gourm    .   (no shield)
rNeg     . . .     Faith    .   b - +0 leather armour
rPois    .         Spirit   .   i - +0 helmet
rElec    .         Reflect  .   (no cloak)
rCorr    .         Harm     .   (no gloves)
MR       .....                  (no boots)
Stlth    +.........             (no amulet)
HPRegen  0.10/turn              (no ring)
MPRegen  0.09/turn              (no ring)

@: lethally poisoned (0 -> -5)
A: yellow scales 2
a: Depart the Abyss, Renounce Religion


You were on level 2 of the Dungeon.
You worshipped Lugonu.
Lugonu was aware of your devotion.
You were full.

You visited 1 branch of the dungeon, and saw 2 of its levels.
You visited the Abyss 1 time.

Inventory:

Hand Weapons
 a - a +1 falchion (weapon)
 f - a +0 hunting sling
Armour
 b - a +0 leather armour (worn)
 i - a +0 helmet (worn)
Wands
 j - a wand of scattershot (5)
Scrolls
 e - a scroll of amnesia
Comestibles
 k - 3 chunks of flesh


   Skills:
 + Level 3.7 Fighting
 + Level 2.1 Long Blades
 + Level 2.1 Armour
 + Level 1.3 Dodging
 - Level 2.4 Invocations


You had 2 spell levels left.
You didn't know any spells.

Dungeon Overview and Level Annotations

Branches:
Dungeon (2/15)

Altars:


Innate Abilities, Weirdness & Mutations

You are mostly covered in yellow scales. (AC +3)


Message History

There is a lethal amount of poison in your body!
There is a lethal amount of poison in your body!
* * * LOW HITPOINT WARNING * * *
You feel sick.
* * * LOW HITPOINT WARNING * * *
You feel sick.
* * * LOW HITPOINT WARNING * * *
You feel sick.
Found a stone staircase leading down.
* * * LOW HITPOINT WARNING * * *
You feel sick.
* * * LOW HITPOINT WARNING * * *
You feel sick.
* * * LOW HITPOINT WARNING * * *
You feel sick.
Found 29 arrows.
* * * LOW HITPOINT WARNING * * *
You feel sick.
You aren't in the Abyss!
You die...

# #.##.# #§#####.#,**,* #
#.##.#####*#§§.§...#,**,*******
###.........*#..§....#,**,,,,,,,*
##......###,*#..§....#,**,,,,,,,,
##......#**,*#.......#,**,,,,,,,,
##......#,,,*#.#####.#,**,,,,,,<,
##......#,,,*#.# *,#,**,***,,,,
##......#,,,*#.#####.#.#*,***,,,,
##......#,,,*#..@.......,,,,,,,,,
##......#**,##>.(.......,,,,,,,,,
##......# *.########.#.#**,**,,,,
##......###...,,,,,,,..,,,,,,,,,,
..............,,,,****,#**,**,,,,
##............,,,,,,,,,,,,,,,,,,,
#........#..##,,,,,,,,,,,,,,,,,,,
#.............,,,,,,***,**,******
#........#..#*,**,,,* *,,,,,,,,,,


There were no monsters in sight!

Vanquished Creatures
  An adder (D:2)
  A dart slug (D:1)
  A leopard gecko (D:1)
  3 bats (D:1)
  A giant cockroach (D:1)
  4 hobgoblins (D:1)
  2 jackals (D:1)
  6 kobolds (D:1)
  A quokka (D:2)
  A ball python (D:2)
  3 frilled lizards
  2 goblins (D:1)
26 creatures vanquished.

Notes
Turn   | Place    | Note
-------+----------+-------------------------------------------
     0 | Abyss:1  | Kagorn the Demonspawn Abyssal Knight began the quest for the Orb.
     0 | Abyss:1  | Reached XP level 1. HP: 18/18 MP: 2/2
   298 | D:1      | Escaped the Abyss
  1496 | D:1      | Gained mutation: You are partially covered in yellow scales. (AC +2) [demonic ancestry]
  1496 | D:1      | Reached XP level 2. HP: 22/24 MP: 3/3
  1496 | D:1      | Reached * piety under Lugonu
  1673 | D:1      | Reached skill level 1 in Dodging
  2192 | D:2      | Gained mutation: You are mostly covered in yellow scales. (AC +3) [demonic ancestry]
  2192 | D:2      | Reached XP level 3. HP: 27/29 MP: 4/4
  2317 | D:2      | HP: 1/30 [poisoned by an adder]
  2321 | D:2      | Succumbed to an adder's poison

Skill      XL: |  1  2 |
---------------+-------+-----
Dodging        | 1 |  1.3
Armour         | 2 |  2.1
Long Blades    | 2 |  2.1
Fighting       | |  3.7
Invocations    | |  2.4

Action                   || total
-------------------------++-------
Melee: Falchion          ||    74
Invok: Depart the Abyss  ||     1
  Use: Scroll            ||     3
 Stab: Sleeping          ||     1
  Eat: Chunk             ||     3
       Ration            ||     2
Armor: Leather armour    ||    28
Dodge: Dodged            ||    61
       Rpst.: Falchion   ||    26
